 Seeded DCSS version 0.28-a0-1182-g381e24db82 (webtiles) character file.

Game seed: 20211216 (custom seed)

78 flotson the Ducker (level 4, -2/34 HPs)
             Began as a Demonspawn Gladiator on Dec 16, 2021.
             Slain by an ogre (20 damage)
             ... on level 4 of the Dungeon.
             The game lasted 00:03:00 (2415 turns).

flotson the Ducker (Demonspawn Gladiator)           Turns: 2415, Time: 00:03:00

Health: -2/34      AC: 10    Str: 17    XL:     4   Next: 15%
Magic:  4/4        EV: 11    Int:  9    God:
Gold:   0          SH:  0    Dex: 14    Spells: 3/3 levels left

rFire   . . .      SeeInvis .   a - +0 flail
rCold   . . .      Faith    .   (no shield)
rNeg    . . .      Spirit   .   f - +0 ring mail
rPois   .          Reflect  .   (helmet restricted)
rElec   .          Harm     .   (no cloak)
rCorr   .          Rampage  .   n - +0 pair of gloves
Will    .....                   (no boots)
Stlth   +.........              (no amulet)
HPRegen 0.11/turn               p - +4 ring of protection
MPRegen 0.09/turn               (no ring)

@: no status effects
A: antennae 1, powered by death 1, demonic magic 1
a: no special abilities


You were on level 4 of the Dungeon.
You visited 1 branch of the dungeon, and saw 4 of its levels.

You collected 11 gold pieces.
You spent 11 gold pieces at shops.

Inventory:

Hand Weapons
 a - a +0 flail (weapon)
Missiles
 d - 3 throwing nets (quivered)
 g - 16 poisoned darts
Armour
 f - a +0 ring mail (worn)
 n - a +0 pair of gloves (worn)
Jewellery
 p - a +4 ring of protection (left hand)
Scrolls
 b - 4 scrolls of blinking {unknown}
 c - a scroll of teleportation {unknown}
 e - 3 scrolls of identify {unknown}
 h - a scroll of vulnerability {unknown}
 j - 2 scrolls of enchant armour {unknown}
 k - 2 scrolls of fear {unknown}
 l - a scroll of immolation {unknown}
 o - a scroll of noise
Potions
 i - a potion of degeneration {unknown}
 m - 2 potions of lignification {unknown}


   Skills:
 + Level 2.6 Fighting
 + Level 3.1 Maces & Flails
 + Level 2.3 Throwing
 + Level 1.2 Armour
 + Level 3.1 Dodging


You had 3 spell levels left.
You didn't know any spells.
Your spell library was empty.

Dungeon Overview and Level Annotations

Branches:
Dungeon (4/15)
 Temple: D:4-7

Altars:
Hepliaklqana

Shops:
D:3 ?[*


Innate Abilities, Weirdness & Mutations

You have a pair of small antennae on your head.
You regenerate a little health from kills.
Spells you cast may paralyse adjacent enemies.


Message History

An adder skeleton comes into view.
Found 2 gold pieces.
The adder skeleton moves out of view.
A hound skeleton comes into view.
Found a ring mail.
An ogre comes into view. It is wielding a +0 giant spiked club.
The ogre shouts!
You barely miss the adder skeleton.
The adder skeleton bites you but does no damage.
You barely miss the adder skeleton. The adder skeleton closely misses you.
The hound skeleton bites you but does no damage.
The adder skeleton barely misses you.
You barely miss the hound skeleton. The hound skeleton barely misses you.
The adder skeleton closely misses you.
You hit the hound skeleton.
The hound skeleton is lightly damaged.
The hound skeleton barely misses you.
The adder skeleton bites you but does no damage.
The hound skeleton bites you but does no damage.
You barely miss the hound skeleton.
The hound skeleton is lightly damaged.
The adder skeleton closely misses you. The hound skeleton closely misses you.
The adder skeleton bites you but does no damage.
The hound skeleton closely misses you.
You hit the hound skeleton.
The hound skeleton is moderately damaged.
The ogre closely misses you. The hound skeleton barely misses you.
The adder skeleton barely misses you.
You hit the hound skeleton.
The hound skeleton is moderately damaged.
The hound skeleton bites you but does no damage.
The ogre hits you with a +0 giant spiked club!
The adder skeleton bites you but does no damage.
The hound skeleton closely misses you.
You hit the hound skeleton.
The hound skeleton is heavily damaged.
The adder skeleton bites you but does no damage.
The hound skeleton bites you.
The ogre hits you with a +0 giant spiked club!!
Ouch! That really hurt!
You die...

#.# #..# #.# ##..#
#####[. ....#
#$....# #....
###.....# #.#.#
........# #.#.#
#...ZO####.#.# #
###.#Z@.#...#<#.#
#...............#
..##..#....###.###
#.#..#...# #.#
#.#.#.....# #.#
##.....#... ..#
###.......####
.?.#.....#
##.#...#..#


You could see an ogre, an adder skeleton and a hound skeleton.

Vanquished Creatures
  3 adders (D:2)
  2 dart slugs
  3 orcs
  7 endoplasms
  2 giant cockroaches
  3 goblins
  3 hobgoblins
  2 jackals (D:1)
  2 quokkas
  4 ball pythons
  2 bats
  4 frilled lizards
  2 kobolds
  2 rats
41 creatures vanquished.

Vanquished Creatures (others)
  16 plants
16 creatures vanquished.

Grand Total: 57 creatures vanquished

Notes
Turn   | Place    | Note
-------+----------+-------------------------------------------
     0 | D:1      | flotson the Demonspawn Gladiator began the quest for the
                  | Orb.
     0 | D:1      | Reached XP level 1. HP: 16/16 MP: 1/1
   234 | D:1      | Gained mutation: You regenerate a little health from kills.
                  | [demonic ancestry]
   234 | D:1      | Reached XP level 2. HP: 20/22 MP: 2/2
   800 | D:2      | Gained mutation: Spells you cast may paralyse adjacent
                  | enemies. [demonic ancestry]
   800 | D:2      | Reached XP level 3. HP: 20/28 MP: 3/3
   965 | D:2      | Found a hazy altar of Hepliaklqana.
   972 | D:2      | Reached skill level 1 in Armour
  1442 | D:3      | Found Heqig's Armour Shoppe.
  1470 | D:3      | Found Gemeg's Weapon Shop.
  1528 | D:3      | Found Juecw's Magic Scroll Boutique.
  1532 | D:3      | Bought a scroll of noise for 11 gold pieces
  1652 | D:3      | Gained mutation: You have a pair of small antennae on your
                  | head. [demonic ancestry]
  1652 | D:3      | Reached XP level 4. HP: 34/34 MP: 4/4
  1748 | D:3      | Found a faded altar of an unknown god.
  1885 | D:3      | Found Nuukix's Assorted Antiques.
  2407 | D:4      | Noticed an ogre
  2415 | D:4      | Slain by an ogre

Illustrated notes

Levels and vault maps discovered:
D:1:      minmay_arrival_arboretum_small, layout_basic
D:2:      layout_rooms, basic_altar, minmay_misc_feat_four_crosses,
          chequers_serial_rivers_room_b, kennysheep_boxes
D:3:      layout_basic, serial_shops, nicolae_shop_overgrown_old_shop,
          nicolae_shop_window_shopping, nicolae_shop_hallway_stairs, shop,
          basic_ecumenical_altar, serial_curves, eino_curves_03, eino_curves_01,
          minmay_liquid_box
D:4:      layout_loops_cross, minmay_increasing_density

Skill      XL: |  1  2  3 |
---------------+----------+-----
Throwing       | 2 |  2.3
Maces & Flails | 3 |  3.1
Armour         | 1 |  1.2
Dodging        | 3 |  3.1
Fighting       | |  2.6

Action                   |  1- 3 |  4- 6 || total
-------------------------+-------+-------++-------
Melee: Flail             |    88 |    46 ||   134
Armor: Leather armour    |     2 |       ||     2
       Ring mail         |    23 |    23 ||    46
Dodge: Dodged            |    53 |    43 ||    96

Table legend: (Time is in decaauts)
 A = Elapsed time spent in this place.
 B = Non-inter-level travel time spent in this place.
 C = Inter-level travel time spent in this place.
 D = Time resting spent in this place.
 E = Time spent auto-exploring this place.
 F = Levels seen in this place.
 G = Mean time per level.
                   A        B        C        D        E       F      G
               +--------+--------+--------+--------+--------+-----+--------+
         Total |   2451 |   2313 |    138 |      0 |   1959 |   4 |  612.8 |
       Dungeon |   2451 |   2313 |    138 |      0 |   1959 |   4 |  612.8 |
               +--------+--------+--------+--------+--------+-----+--------+

Top non-repeatable levels by time:
     D:3: 943 daAuts
     D:1: 796 daAuts
     D:2: 692 daAuts
     D:4: 18 daAuts
